AoeStats
← Guillo

Arabia

512108564Analyzed
3v3 RM · 12d ago on Oct 8, 2026· 35m 44s· 6 players
Game mode
Random Map
Map size
Normal (6 player)
Population
200
Speed
Normal
Resources
Standard
Victory
Conquest
Starting age
Dark Age
Ending age
Imperial Age
RankedLock teamsTeams togetherTeam positionsShared explorationLock speedFull tech treeHidden civsTurbo modeCheats
Victory
Defeat
🇨🇳 Maya · China
1326
+15
🇲🇽 Wei · Mexico
1251
+18
🇦🇷 Khmer · Argentina
1214
+19
vs
🇦🇷 Persians · Argentina
1324
-19
🇦🇷 Saracens · Argentina
1305
-18
🇦🇷 Ethiopians · Argentina
1235
-15
rms_0489
6:45 Loom
9:36 Feudal Age
10:17 Double-Bit Axe
10:50 Horse Collar
22:44 Castle Age
21:21 Stone Mining
22:20 Forging
22:57 Bloodlines
23:18 Scale Barding Armor
24:05 Husbandry
24:35 Heavy Plow
25:41 Iron Casting
30:28 Chain Barding Armor
30:53 Fletching
32:45 Bodkin Arrow
The beast
5:01 Loom
8:32 Feudal Age
8:59 Horse Collar
9:13 Double-Bit Axe
9:47 Horse Collar
14:35 Forging
17:51 Scale Barding Armor
18:38 Town Watch
19:50 Bloodlines
23:58 Wheelbarrow
26:54 Castle Age
27:03 Light Cavalry
28:26 Chain Barding Armor
28:43 Gold Mining
30:09 Iron Casting
32:25 Husbandry
lag dog dont play game
0:26 Loom
9:14 Feudal Age
9:34 Man-at-Arms
12:28 Horse Collar
16:45 Fletching
17:37 Padded Archer Armor
23:12 Castle Age
24:25 Bodkin Arrow
24:36 Thumb Ring
23:54 Crossbowman
27:51 Leather Archer Armor
28:32 Ballistics
28:09 Double-Bit Axe
29:03 Bow Saw
35:09 Imperial Age
32:27 Town Watch
33:42 Wheelbarrow
33:01 Stone Mining
34:26 Thumb Ring
35:24 Hand Cart
35:17 Arbalester
36:18 Bracer
Guillo
5:06 Loom
7:28 Loom
10:25 Feudal Age
12:55 Double-Bit Axe
15:07 Town Watch
16:50 Padded Archer Armor
18:27 Fletching
25:34 Castle Age
25:54 Crossbowman
28:47 Wheelbarrow
29:45 Hand Cart
LA TIA!
9:43 Feudal Age
13:06 Loom
20:31 Horse Collar
21:05 Double-Bit Axe
21:59 Forging
22:31 Scale Barding Armor
26:04 Castle Age
26:33 Bloodlines
28:07 Husbandry
29:11 Iron Casting
Rita Repulsa
5:10 Loom
10:38 Feudal Age
11:09 Double-Bit Axe
15:07 Fletching
22:23 Castle Age
22:53 Padded Archer Armor
22:25 Crossbowman
23:07 Bodkin Arrow
23:55 Bow Saw
25:53 Leather Archer Armor
26:59 Ballistics
33:11 Wheelbarrow
Connection lost

Rejoining the realm…

Still unreachable

The connection could not be restored.

Session expired

The server has moved on; the page needs a fresh start.